 Dungeon Crawl Stone Soup version 0.30-a0-311-gf115ab0292 (webtiles) character file.

Game seed: 4237681410334071609

695 kae the Slasher (level 7, -1/60 HPs)
             Began as an Armataur Fighter on Oct 25, 2022.
             Succumbed to a water moccasin's poison
             ... on level 5 of the Dungeon.
             The game lasted 00:04:25 (4758 turns).

kae the Slasher (Armataur Fighter)                  Turns: 4758, Time: 00:04:26

Health: -1/60      AC:  3    Str: 21    XL:     7   Next: 37%
Magic:  0/7        EV:  7    Int:  9    God:
Gold:   184        SH:  6    Dex: 11    Spells: 6/6 levels left

rFire   . . .      SeeInvis .    a - +0 long sword
rCold   + . .      Faith    .    c - +1 buckler
rNeg    . . .      Spirit   +    b - +0 scale mail
rPois   .          Reflect  .    (no helmet)
rElec   .          Harm     .    (no cloak)
rCorr   .          Roll     +    (no gloves)
Will    .....                    (no barding)
Stlth   ..........               G - amulet of guardian spirit
HPRegen 0.30/turn                C - ring of protection from cold
MPRegen 0.10/turn                (no ring)

@: lethally poisoned (-1 -> -16), corroded
A: large, rugged brown scales 3, deformed body, armoured tail, roll, long
tongue, awkward tongue
a: no special abilities


You were on level 5 of the Dungeon.
You visited 1 branch of the dungeon, and saw 5 of its levels.
You also visited: Sewer and Ossuary.

You collected 184 gold pieces.


Innate Abilities, Weirdness & Mutations

You are completely covered in rugged brown scales. (AC +3, +7% HP)
Armour fits poorly on your strangely shaped body.
You have a long armoured tail.
You roll when moving toward enemies. (Rampage)
Your long tongue fully drains potion bottles. (2x potion effects)
Your tongue gives you trouble enunciating. (1.5x scroll delay)


   Skills:
 - Level 3.5 Fighting
 + Level 6.2 Long Blades
 - Level 4.8 Armour
 - Level 4.5 Shields


You had 6 spell levels left.
You didn't know any spells.
Your spell library contained the following spells:

 Spells                   Type           Power      Damage    Failure   Level
 Summon Small Mammal      Summ           0%         N/A       78%         1
 Sublimation of Blood     Necr           0%         N/A       89%         2
 Wereblood                Tmut           0%         N/A       89%         2
 Call Canine Familiar     Summ           0%         N/A       98%         3
 Summon Guardian Golem    Hex/Summ       0%         N/A       98%         3
 Summon Hydra             Summ           0%         N/A       100%        7

Inventory:

Hand Weapons
 a - a +0 long sword (weapon)
 u - a +0 falchion
   (You took it off Eustachio on level 4 of the Dungeon)
Missiles
 i - 39 stones (quivered)
Armour
 b - a +0 scale mail (worn)
 c - a +1 buckler (worn)
Magical Staves
 e - a staff of earth {!a}
   (You found it on level 2 of the Dungeon)
Jewellery
 C - a ring of protection from cold (left hand)
   (You found it on level 2 of the Dungeon)
 G - an amulet of guardian spirit (around neck)
   (You found it on level 1 of the Dungeon)
Scrolls
 h - a scroll of fear
 j - 2 scrolls of poison {!r}
 p - a scroll of blinking {!r}
 s - a scroll of magic mapping {!r}
Potions
 d - 2 potions of might
 f - 2 potions of lignification {unknown}
 g - 5 potions of magic {unknown}
 k - 4 potions of brilliance {unknown}
 l - 3 potions of mutation {unknown}
 m - 2 potions of resistance {unknown}
 n - 2 potions of haste {unknown}
 o - 4 potions of attraction {!q}
 q - a potion of ambrosia {unknown}
 r - a potion of cancellation

Dungeon Overview and Level Annotations

Branches:
Dungeon (5/15) Zot: 25928   Sewer (visited)         Ossuary (visited)
 Temple: D:4-7

Altars:

Shops:
D:1

[ ##..###
#.........
#........
#........
.........
.....#..#########
.......?.<......#
#..............#
#.......@S......
..........J......
.##.............#
#######........
#.....##.
..##...# ..#
$.... .## ##...


You could see a water moccasin and a jelly.


Message History

You barely miss the water moccasin.
You feel sick. You block the water moccasin's attack.
The jelly hits you but does no damage.
You completely miss the water moccasin.
You feel sick. The water moccasin bites you.
The jelly hits you but does no damage.
The water moccasin bites you but does no damage. 😮 HP[-6]
You take 6 damage, and now have 40/60 hp.
Unknown command.
You closely miss the water moccasin.
You feel sick.
The water moccasin bites you but does no damage.
The jelly hits you but does no damage.
The water moccasin bites you but does no damage.
The jelly closely misses you. 😮 HP[-1]
You take 1 damage, and now have 39/60 hp.
Unknown command.
You hit the water moccasin.
You feel sick. You block the water moccasin's attack.
The jelly completely misses you. 😮 HP[-1]
You take 1 damage, and now have 38/60 hp.
Unknown command.
You barely miss the water moccasin.
You feel sick.
You are no longer poisoned.
The water moccasin bites you. x2
* * * LOW HITPOINT WARNING * * *
The jelly hits you.
* * * LOW HITPOINT WARNING * * *
You are splashed with acid!
* * * LOW HITPOINT WARNING * * *
😨 HP[-17] MP[-3]
You take 17 damage, and now have 21/60 hp.
MASSIVE DAMAGE!! (PAUSE)
You lost 3 mp, and now have 3/7 mp.
You barely miss the water moccasin. The water moccasin barely misses you.
The jelly hits you.
* * * LOW HITPOINT WARNING * * *
You are splashed with acid.
* * * LOW HITPOINT WARNING * * *
😱 HP[-7]
You take 7 damage, and now have 14/60 hp.
Unknown command.
You hit the water moccasin.
The water moccasin bites you but does no damage.
The jelly closely misses you. The water moccasin bites you.
* * * LOW HITPOINT WARNING * * *
You are poisoned.
The water moccasin poisons you! 😱 HP[-1] MP[+1]
You take 1 damage, and now have 13/60 hp.
You hit the water moccasin but do no damage.
* * * LOW HITPOINT WARNING * * *
You feel very sick. You block the water moccasin's attack.
The jelly hits you but does no damage. 😱 HP[-4]
You take 4 damage, and now have 9/60 hp.
Unknown command.
You closely miss the water moccasin.
* * * LOW HITPOINT WARNING * * *
You feel sick. The water moccasin barely misses you.
The jelly barely misses you. The water moccasin bites you.
* * * LOW HITPOINT WARNING * * *
😱 HP[-4] MP[-1]
You take 4 damage, and now have 5/60 hp.
You lost 1 mp, and now have 3/7 mp.
Unknown command.
You closely miss the water moccasin.
* * * LOW HITPOINT WARNING * * *
You feel sick.
The water moccasin bites you but does no damage.
The jelly barely misses you. The water moccasin bites you.
* * * LOW HITPOINT WARNING * * *
😱 HP[-4] MP[-3]
You take 4 damage, and now have 1/60 hp.
You lost 3 mp, and now have 0/7 mp.
Unknown command.
Okay, then.
You slurp down every last drop of the potion of curing {@q1}!
You feel better. The jelly barely misses you.
You block the water moccasin's attack. 😨 HP[+22]
You regained 22 hp, and now have 23/60 hp.
Okay, then.
You hit the water moccasin. The water moccasin barely misses you.
The jelly hits you.
* * * LOW HITPOINT WARNING * * *
The acid corrodes you!
You are splashed with acid!
* * * LOW HITPOINT WARNING * * *
You block the jelly's attack. The water moccasin bites you.
* * * LOW HITPOINT WARNING * * *
😱 HP[-11]
You take 11 damage, and now have 12/60 hp.
Unknown command.
You closely miss the water moccasin. The water moccasin bites you!
* * * LOW HITPOINT WARNING * * *
You are lethally poisoned!
The water moccasin poisons you!
The jelly hits you but does no damage. 😱 HP[-9]
You take 9 damage, and now have 3/60 hp.
You miss the water moccasin.
You die...

Skill      XL: |  1  2  3  4  5  6  7 |
---------------+----------------------+-----
Long Blades    | 2 3 5 6 |  6.2
Armour         | 4 |  4.8
Fighting       | 3 |  3.5
Shields        | 4 |  4.5

Action                   |  1- 3 |  4- 6 |  7- 9 || total
-------------------------+-------+-------+-------++-------
Melee: Long sword        |   140 |   287 |    59 ||   486
       Tailslap          |    15 |    47 |     5 ||    67
  Use: Scroll            |     4 |    10 |       ||    14
       Potion            |       |     2 |     2 ||     4
Armor: Scale mail        |   101 |   107 |    47 ||   255
Dodge: Dodged            |    52 |    67 |    39 ||   158
Block: Buckler           |    42 |    72 |    26 ||   140

Levels and vault maps discovered:
D:1:      dpeg_chamrin_arrival_tetris, layout_loops_corners, serial_shops, shop
D:2:      layout_loops_ring, minmay_misc_feat_rugged, minmay_fractal_squares_5
D:3:      layout_loops_corners, portal_sewer_entry_e
D:4:      layout_basic, nicolae_ossuary_entry_monument, uniq_eustachio
D:5:      layout_rooms, mainiacjoe_overflow_two_lobes, uniq_duvessa

Notes
Turn   | Place    | Note
-------+----------+-------------------------------------------
     0 | D:1      | kae the Armataur Fighter began the quest for the Orb.
     0 | D:1      | Reached XP level 1. HP: 19/19 MP: 1/1
     0 | D:1      | magus.rc [v1.11.3]
   290 | D:1      | Reached skill level 2 in Long Blades
   445 | D:1      | Reached XP level 2. HP: 21/26 MP: 2/2
   739 | D:1      | Found Uggese's Antique Armour Shop.
  1070 | D:2      | Reached skill level 4 in Armour
  1070 | D:2      | Reached XP level 3. HP: 11/32 MP: 1/3
  1165 | D:2      | You pick up a book of Callings and begin reading...
  1165 | D:2      | You add the spells Summon Small Mammal, Call Canine
                  | Familiar and Summon Guardian Golem to your library.
  1198 | D:2      | Reached skill level 3 in Fighting
  1366 | D:2      | Reached XP level 4. HP: 31/40 MP: 4/4
  1533 | D:2      | Identified the +1 buckler "Lasoad" {rElec rN+++ Str+2
                  | Slay-3}
  1941 | D:3      | Reached skill level 3 in Long Blades
  1945 | D:3      | Reached skill level 4 in Shields
  1964 | D:3      | Found a glowing drain.
  1970 | Sewer    | Entered a sewer
  2102 | Sewer    | Reached XP level 5. HP: 29/48 MP: 2/5
  2170 | Sewer    | Found a viscous altar of Jiyva.
  3182 | D:4      | Found a sand-covered staircase.
  3192 | Ossuary  | Entered an ossuary
  3303 | Ossuary  | Reached XP level 6. HP: 54/54 MP: 6/6
  3361 | Ossuary  | Reached skill level 4 in Long Blades
  3390 | Ossuary  | HP: 13/54 [mummy (7)]
  3391 | Ossuary  | HP: 4/54 [mummy (9)]
  3394 | Ossuary  | HP: 1/54 [mummy (10)]
  3596 | D:4      | You pick up a book of Blood and begin reading...
  3596 | D:4      | You add the spells Sublimation of Blood, Wereblood and
                  | Summon Hydra to your library.
  3871 | D:4      | Reached skill level 5 in Long Blades
  3981 | D:4      | Reached XP level 7. HP: 20/60 MP: 2/7
  4122 | D:4      | Noticed Eustachio
  4411 | D:4      | Killed Eustachio
  4412 | D:4      | Reached skill level 6 in Long Blades
  4735 | D:5      | Entered Level 5 of the Dungeon
  4750 | D:5      | HP: 14/60 [acid (6)]
  4753 | D:5      | HP: 5/60 [water moccasin (3)]
  4754 | D:5      | HP: 1/60 [water moccasin (2)]
  4758 | D:5      | Succumbed to a water moccasin's poison

Vanquished Creatures
  Eustachio (D:4)
  An ogre (D:4)
  A water moccasin zombie (Ossuary)
  4 jellies
  2 iguanas (D:4)
  An orc wizard (D:4)
  2 mummies (Ossuary)
  6 adders
  2 river rats (D:3)
  2 adder zombies (Ossuary)
  3 worms
  7 orcs
  13 endoplasms
  6 giant cockroaches
  7 gnoll zombies (Ossuary)
  10 goblins
  4 hobgoblins
  A jackal (D:2)
  4 kobolds
  4 quokkas
  11 ball pythons
  3 bats
  4 frilled lizards
  3 hobgoblin zombies (Ossuary)
  6 kobold zombies (Ossuary)
  6 orc zombies (Ossuary)
  10 rats
124 creatures vanquished.

Table legend:
 A = Non-vault XP
 B = Vault XP
 C = Vault XP percentage of total XP
 D = Non-vault monster count
 E = Vault monster count
 F = Vault count percentage of total count
                 A         B        C        D         E       F
            +---------+---------+-------+---------+---------+-------
      Total |     399 |     595 |  59.9 |      60 |      64 |  51.6
            +---------+---------+-------+---------+---------+-------
        D:1 |      25 |       0 |   0.0 |      15 |       0 |   0.0
        D:2 |      50 |      40 |  44.4 |      15 |       9 |  37.5
        D:3 |      41 |      37 |  47.4 |      15 |       8 |  34.8
        D:4 |     283 |     197 |  41.0 |      15 |       1 |   6.2
      Sewer |       0 |     167 | 100.0 |       0 |      19 | 100.0
    Ossuary |       0 |     154 | 100.0 |       0 |      27 | 100.0
            +---------+---------+-------+---------+---------+-------

Illustrated notes

Table legend:
 A = Kills in this place as a percentage of kills in entire the game.
 B = Kills by you in this place as a percentage of kills by you in the entire game.
 C = Kills by friends in this place as a percentage of kills by friends in the entire game.
 D = Other kills in this place as a percentage of other kills in the entire game.
 E = Experience gained in this place as a percentage of experience gained in the entire game.
 F = Experience gained in this place divided by the number of levels of this place that you have seen.
                   A       B       C       D       E      F
               +-------+-------+-------+-------+-------+----------------------
         Total | 100.0 | 100.0 |   N/A |   N/A | 100.0 | 142.0
       Dungeon |  62.9 |  62.9 |   N/A |   N/A |  67.7 | 134.6
         Sewer |  15.3 |  15.3 |   N/A |   N/A |  16.8 | 167.0
       Ossuary |  21.8 |  21.8 |   N/A |   N/A |  15.5 | 154.0
               +-------+-------+-------+-------+-------+----------------------

Table legend: (Time is in decaauts)
 A = Elapsed time spent in this place.
 B = Non-inter-level travel time spent in this place.
 C = Inter-level travel time spent in this place.
 D = Time resting spent in this place.
 E = Time spent auto-exploring this place.
 F = Levels seen in this place.
 G = Mean time per level.
                   A        B        C        D        E       F      G
               +--------+--------+--------+--------+--------+-----+--------+
         Total |   4911 |   4763 |    148 |    255 |   3485 |   7 |  701.6 |
       Dungeon |   4071 |   3923 |    148 |    212 |   2991 |   5 |  814.2 |
         Sewer |    417 |    417 |      0 |      0 |    273 |   1 |  417.0 |
       Ossuary |    421 |    421 |      0 |     43 |    220 |   1 |  421.0 |
               +--------+--------+--------+--------+--------+-----+--------+

Top non-repeatable levels by time:
     D:3: 1114 daAuts
     D:4: 1064 daAuts
     D:1: 958 daAuts
     D:2: 909 daAuts
 Ossuary: 421 daAuts
   Sewer: 417 daAuts
     D:5: 24 daAuts
